 Dungeon Crawl Stone Soup version 0.26-a0-831-g7192265339 (webtiles) character file.

Game seed: 7425006005569773375

914 strifetoe the Cleaver (level 8, 0/46 HPs)
             Began as a Gargoyle Monk on Nov 16, 2020.
             Slain by Duvessa
             ... wielding a +2 vampiric short sword
              (6 damage)
             ... on level 4 of the Dungeon.
             The game lasted 00:06:14 (3603 turns).

strifetoe the Cleaver (Gargoyle Monk)               Turns: 3603, Time: 00:06:15

Health: 0/46       AC: 14    Str: 17    XL:     8   Next: 9%
Magic:  8/8        EV: 10    Int: 11    God:
Gold:   96         SH:  0    Dex: 12    Spells: 7/7 levels left

rFire    + . .     SeeInvis .   z - +2 hand axe (flame)
rCold    + . .     Faith    .   (no shield)
rNeg     + . .     Spirit   .   p - +0 scale mail {rF+}
rPois    ∞         Reflect  .   (no helmet)
rElec    +         Harm     .   (no cloak)
rCorr    .         Rampage  .   w - +0 pair of gloves
MR       .....                  u - +1 pair of boots
Stlth    +.........             (no amulet)
HPRegen  0.15/turn              y - ring of protection from cold
MPRegen  0.11/turn              (no ring)

@: very slightly contaminated, invisible
A: negative energy resistance 1, electricity resistance, unbreathing,
petrification resistance, rot immunity, AC +5
a: no special abilities


You were on level 4 of the Dungeon.
You visited 1 branch of the dungeon, and saw 4 of its levels.

You collected 227 gold pieces.
You spent 131 gold pieces at shops.

Inventory:

Hand Weapons
 a - a +1 hand axe
 z - a +2 hand axe of flaming (weapon)
Armour
 b - a +0 robe
 p - a +0 scale mail of fire resistance (worn)
 u - a +1 pair of boots (worn)
 w - a +0 pair of gloves (worn)
Jewellery
 y - a ring of protection from cold (left hand)
Wands
 r - a wand of paralysis (4)
Scrolls
 c - a scroll of teleportation
 d - 2 scrolls of enchant armour
 e - a scroll of identify
 g - 2 scrolls of noise
 k - a scroll of remove curse
 m - 3 scrolls of blinking
 s - 2 scrolls of amnesia
Potions
 h - a potion of might
 i - a potion of resistance {unknown}
 l - a potion of invisibility
 n - a potion of flight
 o - a potion of haste
 t - a potion of curing {unknown}
 x - a potion of berserk rage
 A - a potion of magic


   Skills:
 - Level 3.2 Fighting
 + Level 8.7 Axes
 - Level 2.4 Dodging
 - Level 2.1 Stealth


You had 7 spell levels left.
You didn't know any spells.
Your spell library was empty.

Dungeon Overview and Level Annotations

Branches:
Dungeon (4/15)
 Temple: D:4-7

Altars:
Gozag
Wu Jian
Zin

Shops:
D:4 *

Annotations:
D:4 Duvessa


Innate Abilities, Weirdness & Mutations

You are resistant to torment.
Your stone body is resilient. (AC +5)
You are immune to poison.
You resist negative energy. (rN+)
You are resistant to electric shocks. (rElec)
You can survive without breathing.
You are immune to petrification.
You are immune to rotting.


Message History

You are too injured to fight recklessly!
Unknown command.
You fade into invisibility!
Duvessa hits you but does no damage.
You are very lightly contaminated with residual magic.
Unknown command.
You hit Duvessa but do no damage.
Duvessa is heavily wounded.
Duvessa hits you with a +2 vampiric short sword.
Duvessa hits you with a +2 vampiric short sword!
* * * LOW HITPOINT WARNING * * *
Unknown command.
Okay, then.
Evoke which item? (* to show all) (? for menu, Esc to quit)
Okay, then.
Okay, then.
Unknown command.
A scorpion comes into view.
Duvessa hits you with a +2 vampiric short sword.
You die...

#. .. ..#### #..#.#####
.##. .....###..#.# s##
#.....#§§#.# ..
.#.....§§§§.#
.###.......§§§.##### #
#.#......).§§§..$...
#.##.)#........§...####
#.##..........#.......#
........e@..#.###.##.(#
##.#####.##...........#
........###.##..#
#.#####...# #.# ..# #
..# ..# .# .. .


You could see Duvessa (berserk, fast) and a scorpion (wandering).

Vanquished Creatures
  Pikel (D:4)
  Sigmund (D:3)
  3 lemures (D:4)
  Dowan (D:4)
  A hound (D:4)
  An orc wizard (D:2)
  A bullfrog skeleton (D:4)
  Natasha (D:4)
  A hound skeleton (D:4)
  3 adders
  An ooze (D:1)
  An adder skeleton (D:4)
  2 dart slugs (D:1)
  2 worms
  A leopard gecko (D:4)
  13 orcs
  7 bats
  A giant cockroach (D:2)
  11 goblins
  3 hobgoblins
  4 jackals (D:4)
  A quokka (D:3)
  A ball python (D:1)
  3 kobolds
  7 rats
72 creatures vanquished.

Notes
Turn   | Place    | Note
-------+----------+-------------------------------------------
     0 | D:1      | strifetoe the Gargoyle Monk began the quest for the Orb.
     0 | D:1      | Reached XP level 1. HP: 14/14 MP: 1/1
   232 | D:1      | Reached skill level 3 in Axes
   264 | D:1      | Reached XP level 2. HP: 14/19 MP: 2/2
   779 | D:1      | Reached XP level 3. HP: 17/23 MP: 3/3
  1170 | D:2      | Reached skill level 4 in Axes
  1179 | D:2      | Reached XP level 4. HP: 28/28 MP: 4/4
  1288 | D:2      | Found an opulent altar of Gozag.
  1647 | D:2      | Found a glowing silver altar of Zin.
  1898 | D:3      | Found an ornate altar of the Wu Jian Council.
  2300 | D:3      | Reached skill level 5 in Axes
  2432 | D:3      | Reached XP level 5. HP: 30/32 MP: 5/5
  2527 | D:3      | Noticed Sigmund
  2542 | D:3      | Killed Sigmund
  2543 | D:3      | Reached skill level 6 in Axes
  2543 | D:3      | Reached XP level 6. HP: 19/37 MP: 6/6
  3129 | D:4      | Found Qodd's Assorted Antiques.
  3155 | D:4      | Bought a lumpy yellow potion for 25 gold pieces
  3155 | D:4      | Bought 2 fuming coppery potions for 50 gold pieces
  3155 | D:4      | Bought a scroll labelled ZYIWKA EPLUANG for 28 gold pieces
  3155 | D:4      | Bought a scroll labelled KAUKLISIVE for 28 gold pieces
  3220 | D:4      | Noticed Pikel
  3220 | D:4      | Noticed Natasha
  3260 | D:4      | Killed Natasha
  3284 | D:4      | Killed Pikel
  3285 | D:4      | Reached skill level 8 in Axes
  3285 | D:4      | Reached XP level 7. HP: 20/41 MP: 7/7
  3300 | D:4      | Reached XP level 8. HP: 24/46 MP: 8/8
  3588 | D:4      | Noticed Duvessa
  3588 | D:4      | Noticed Dowan
  3598 | D:4      | Killed Dowan
  3603 | D:4      | Slain by Duvessa

Illustrated notes

Levels and vault maps discovered:
D:1:      dpeg_arrival_leaves_temple_mockup, layout_basic
D:2:      layout_loops_corners, zin_scriptorium, lemuel_doored_altar
D:3:      layout_loops_ring, lemuel_crystal_altar, uniq_sigmund
D:4:      layout_loops_ring, minmay_temple_entry_junction, serial_shops, shop,
          uniq_pikel, uniq_grinder, uniq_natasha, uniq_duvessa

Skill      XL: |  1  2  3  4  5  6 |
---------------+-------------------+-----
Axes           | 3 4 5 6 8 |  8.7
Fighting       | |  3.2
Dodging        | |  2.4
Stealth        | |  2.1

Action                   |  1- 3 |  4- 6 |  7- 9 || total
-------------------------+-------+-------+-------++-------
Melee: Hand axe          |    63 |   209 |    32 ||   304
  Use: Potion            |     3 |     4 |     1 ||     8
       Scroll            |       |       |    12 ||    12
 Stab: Sleeping          |     2 |     2 |       ||     4
Armor: Robe              |    16 |    15 |       ||    31
       Skin              |     9 |     5 |       ||    14
       Scale mail        |       |    89 |    17 ||   106
Dodge: Dodged            |    38 |    94 |     8 ||   140

Table legend: (Time is in decaauts)
 A = Elapsed time spent in this place.
 B = Non-inter-level travel time spent in this place.
 C = Inter-level travel time spent in this place.
 D = Time resting spent in this place.
 E = Time spent auto-exploring this place.
 F = Levels seen in this place.
 G = Mean time per level.
                   A        B        C        D        E       F      G
               +--------+--------+--------+--------+--------+-----+--------+
         Total |   3624 |   3502 |    122 |    626 |   2289 |   4 |  906.0 |
       Dungeon |   3624 |   3502 |    122 |    626 |   2289 |   4 |  906.0 |
               +--------+--------+--------+--------+--------+-----+--------+

Top non-repeatable levels by time:
     D:3: 1246 daAuts
     D:1: 972 daAuts
     D:2: 911 daAuts
     D:4: 494 daAuts
